 Dungeon Crawl Stone Soup version 0.29-a0-998-g1987434951 (webtiles) character file.

Game seed: 17195071728024554260

8181 Sobieck the Cleaver (level 11, -28/97 HPs)
             Began as a Naga Warper on Aug 5, 2022.
             Was an Elder of Cheibriados.
             Annihilated by Urug
             ... wielding a +5 halberd
              (42 damage)
             ... on level 10 of the Dungeon.
             The game lasted 00:33:16 (14329 turns).

Sobieck the Cleaver (Naga Warper)                  Turns: 14329, Time: 00:33:17

Health: -28/97     AC: 17    Str: 27    XL:     11   Next: 26%
Magic:  14/14      EV:  7    Int: 22    God:    Cheibriados [****..]
Gold:   571        SH:  0    Dex: 26    Spells: 14/14 levels left

rFire   . . .      SeeInvis +   a - +0 war axe (venom) {axe}
rCold   + . .      Faith    .   x - +0 buckler
rNeg    . . .      Spirit   .   g - +2 chain mail {rC+}
rPois   +          Reflect  +   A - +1 helmet
rElec   .          Harm     .   H - +1 cloak
rCorr   +          Rampage  .   B - +1 pair of gloves
Will    +....                   (no barding)
Stlth   ..........              i - amulet of reflection
HPRegen 0.26/turn               R - ring of resist corrosion
MPRegen 0.14/turn               S - +6 ring of dexterity

@: confused, ambrosia-drunk, very slow
A: AC +3, large, see invisible, deformed body, poison resistance, slowness 2,
spit poison 1, naga tail 1
a: Spit Poison, Renounce Religion, Bend Time, Temporal Distortion, Slouch


You were on level 10 of the Dungeon.
You worshipped Cheibriados.
Cheibriados was greatly pleased with you.
You visited 2 branches of the dungeon, and saw 11 of its levels.

You collected 634 gold pieces.
You spent 63 gold pieces at shops.


Innate Abilities, Weirdness & Mutations

Your serpentine skin is tough. (AC +3)
You have supernaturally acute eyesight. (SInv)
Armour fits poorly on your strangely shaped body.
Your system is resistant to poisons. (rPois)
You cover ground very slowly.
You can spit poison.
You have a snake-like lower body.


   Skills:
 + Level 5.9 Fighting
 + Level 14.9 Axes
 - Level 0.8 Throwing
 - Level 3.0 Armour
 - Level 1.5 Dodging
 - Level 6.0 Stealth
 - Level 2.0 Spellcasting
 - Level 3.0 Translocations
 - Level 3.0 Invocations


You had 14 spell levels left.
You didn't know any spells.
Your spell library contained the following spells:

 Spells                   Type           Power      Damage    Failure   Level
 Blink                    Tloc           30%        N/A       43%         2
 Gell's Gravitas          Tloc           15%        N/A       67%         3
 Lesser Beckoning         Tloc           15%        N/A       67%         3
 Teleport Other           Tloc           15%        N/A       67%         3
 Beastly Appendage        Tmut           4%         N/A       71%         1
 Foxfire                  Conj/Fire      8%         2x1d4     71%         1
 Sting                    Tmut/Pois      8%         1d3       71%         1
 Passwall                 Tmut/Erth      1%         N/A       85%         2
 Poisonous Vapours        Pois/Air       4%         N/A       85%         2
 Ignite Poison            Fire/Tmut/Pois 2%         N/A       97%         3
 Tukima's Dance           Hex            2%         N/A       97%         3
 Passage of Golubria      Tloc           15%        N/A       97%         4
 Cause Fear               Hex            1%         N/A       100%        4
 Olgreb's Toxic Radiance  Pois           2%         N/A       100%        4
 Sticky Flame             Conj/Fire      2%         2d3       100%        4
 Blade Hands              Tmut           1%         N/A       100%        5
 Manifold Assault         Tloc           15%        N/A       100%        5
 Yara's Violent Unravell  Hex/Tmut       1%         3d3       100%        5
 Dragon Form              Tmut           1%         N/A       100%        7
 Dragon's Call            Summ           1%         N/A       100%        9

Inventory:

Hand Weapons
 a - a +0 war axe of venom (weapon) {axe}
   (You found it on level 4 of the Dungeon)
 b - a +2 sling of freezing
   (You found it on level 2 of the Dungeon)
 f - a +1 hand axe {axe}
 k - a +1 dagger of venom {short}
   (You took it off a kobold on level 4 of the Dungeon)
 C - a +0 spear {polearm}
   (You took it off Robin on level 2 of the Dungeon)
Missiles
 d - 7 boomerangs of dispersal {=f!fthrowing}
 j - 7 throwing nets {=f!fthrowing}
 o - 84 stones {throwing}
 w - 59 poisoned darts {throwing}
 L - 18 boomerangs {throwing}
Armour
 g - a +2 chain mail of cold resistance (worn)
   (You found it on level 1 of the Dungeon)
 r - a +0 chain mail
   (You found it on level 2 of the Dungeon)
 v - a +0 ring mail
   (You found it on level 6 of the Dungeon)
 x - a +0 buckler (worn)
   (You bought it in a shop on level 4 of the Dungeon)
 y - a +1 leather armour of fire resistance
   (You took it off Eustachio on level 4 of the Dungeon)
 A - a +1 helmet (worn)
   (You took it off Robin on level 2 of the Dungeon)
 B - a +1 pair of gloves (worn)
   (You found it on level 8 of the Dungeon)
 E - a +0 scale mail
   (You took it off a gnoll sergeant on level 4 of the Dungeon)
 F - a +0 chain mail
   (You found it on level 3 of the Dungeon)
 G - a +0 chain mail
   (You found it on level 3 of the Dungeon)
 H - a +1 cloak (worn)
   (You found it on level 3 of the Dungeon)
 I - a +0 robe
   (You found it on level 4 of the Dungeon)
 J - a +0 plate armour
   (You found it on level 3 of the Dungeon)
 K - a +0 ring mail
   (You found it on level 3 of the Dungeon)
 M - a +0 scale mail
   (You took it off an orc on level 3 of the Dungeon)
 N - a +0 scale mail
   (You found it on level 4 of the Dungeon)
 P - a +0 robe
   (You found it on level 4 of the Dungeon)
 Q - a +0 leather armour
   (You found it on level 4 of the Dungeon)
 U - a +0 robe
   (You found it on level 5 of the Dungeon)
 W - a +0 robe
   (You took it off an orc wizard on level 5 of the Dungeon)
 X - a +0 leather armour
   (You took it off an orc on level 5 of the Dungeon)
 Z - a +0 robe
   (You found it on level 6 of the Dungeon)
Jewellery
 i - an amulet of reflection (around neck)
   (You acquired it on level 4 of the Dungeon)
 R - a ring of resist corrosion (left hand)
   (You found it on level 4 of the Dungeon)
 S - a +6 ring of dexterity (right hand)
   (You found it on level 4 of the Dungeon)
 Y - a ring of ice
   (You found it on level 5 of the Dungeon)
Wands
 c - a wand of flame (17)
   (You took it off an orc priest on level 7 of the Dungeon)
 p - a wand of charming (3)
   (You found it on level 4 of the Dungeon)
 O - a wand of mindburst (37)
   (You found it on level 4 of the Dungeon)
Scrolls
 l - a scroll of noise {!r}
 n - 8 scrolls of teleportation {@r4}
 q - a scroll of identify {@r1}
 z - a scroll of butterflies
 T - 2 scrolls of fear
Potions
 e - a potion of cancellation
 h - 3 potions of attraction {!q}
 m - a potion of flight
 s - 2 potions of resistance
 t - a potion of lignification {!q}
 u - a potion of ambrosia
 D - a potion of invisibility
 V - 3 potions of curing {@q1}

Dungeon Overview and Level Annotations

Branches:
Dungeon (10/15) Zot: 39861  Temple (1/1) D:7 Zot: 8623     Orc (0/2) D:9
   Lair: D:8-11

Altars:
Ashenzari
Cheibriados
Dithmenos
Elyvilon
Fedhas
Gozag
Hepliaklqana
Kikubaaqudgha
Makhleb
Nemelex Xobeh
Okawaru
Ru
Sif Muna
Trog
Uskayaw
Vehumet
Wu Jian
Xom
Yredelemnul
Zin

Shops:
D:4 [

Annotations:
D:4 Grinder
D:7 1 runed translucent door, Crazy Yiuf
D:8 3 runed translucent doors, Bl4cKSa5uke's ghost, novice DsWn; tself55's ghost, novice MeFi
D:10 Urug

............#.#............#
#.
..###..................###.#
#. ..'.'..................#
#.# #.
..###....##...#........ #.#
#. ...##......!.......###.
#.# #. ...##.#####.#.#..#.#
#.# #. ...##. #.#.#..#.#
#'## #.#.##)#.###.# #.#
..#.##@......# #.#
..#.#.o....... ..#
...#.##)....... ##
##.#.##.#.##### ..... .)##.#
..! .. .... .##


You could see Urug (strong, very poisoned, slow).


Message History

Items here: ))) ÷.
Items here: ))) ÷.
Items here: ))) ÷.
An orc comes into view. It is wielding a +0 short sword.
The orc shouts!
You hear a shout!
An orc comes into view. It is wielding a +0 flail.
An orc comes into view. It is wielding a +0 club.
The orc shouts!
Danger!
You shoot a sling bullet. The sling bullet hits the orc!
The sling bullet freezes the orc.
You kill the orc!
Cheibriados thoroughly appreciates the change of pace.
An orc wizard comes into view. It is wielding a +0 dagger.
You shoot a sling bullet. The sling bullet barely misses the orc.
The orc wizard shouts!
The sling bullet hits the orc wizard!
The sling bullet freezes the orc wizard.
You hear a shout!
You shoot a sling bullet. The sling bullet hits the orc!
The sling bullet freezes the orc.
You kill the orc!
Cheibriados appreciates the change of pace.
Your +2 sling of freezing stops glowing.
Your +0 war axe of venom {axe} begins to drip with poison!
a - a +0 war axe of venom (weapon)
{axe} Urug the Orcish Ballista comes into view.
She is wielding a +5 halberd.
An orc wizard comes into view. It is wielding a +0 dagger.
The orc wizard barely misses you.
You closely miss the orc wizard. You closely miss the orc.
The orc wizard shouts!
Unknown command.
You slash the orc!
You kill the orc!
Cheibriados appreciates the change of pace.
You hit the orc wizard but do no damage.
The orc wizard is poisoned.
The orc wizard gestures wildly while chanting.
The orc wizard flickers and vanishes for a moment.
You block the orc wizard's attack.
Unknown command.
Aiming: Spit Poison (1% risk of failure)
Press: ? - help, Shift-Dir - straight line, f - Urug
Aim: Urug, wielding a +5 halberd, wearing a +0 ring mail and quivering javelins (55% to hit)
The splash of poison hits Urug!
Urug is poisoned.
The orc wizard hits you but does no damage.
Urug throws a javelin.
The javelin pierces through you but does no damage.
Unknown command.
The orc wizard gestures at you while chanting.
You resist with almost no effort.
Urug throws a javelin.
The javelin barely misses you. Urug barely misses you.
The orc wizard casts a spell.
The orc wizard flickers and vanishes for a moment.
Urug hits you from afar with a +5 halberd!!
You block the orc wizard's attack. x2
You see here a +0 club {mace}.
Unknown command.
You slash the orc wizard!
You kill the orc wizard!
Cheibriados appreciates the change of pace.
You barely miss the orc wizard.
The orc wizard gestures at you while chanting.
The magic dart hits you.
Urug drinks a potion.
Urug seems to grow stronger.
You have got your breath back.
The orc wizard casts a spell at you. You resist with almost no effort.
Urug hits you with a +5 halberd!!!
* * * LOW HITPOINT WARNING * * *
You block Urug's attack.
Things that are here:
a +0 dagger {short}; a +0 robe Unknown command.
You slash Urug!
Urug looks as sick as possible!
You slash the orc wizard!
You kill the orc wizard!
Cheibriados thoroughly appreciates the change of pace.
Urug hits you with a +5 halberd.
* * * LOW HITPOINT WARNING * * *
You hit Urug.
Urug looks as sick as possible!
Unknown command.
You closely miss Urug. You block Urug's attack.
You closely miss Urug. Urug hits you with a +5 halberd!!!
* * * LOW HITPOINT WARNING * * *
Unknown command.
The flow of time bends around you.
Cheibriados rebukes Urug.
Urug seems to slow down.
You block Urug's attack.
You are confused.
You feel invigorated.
Unknown command.
Unknown command.
You slice Urug!! Urug hits you with a +5 halberd.
* * * LOW HITPOINT WARNING * * *
Unknown command.
You miss Urug.
Unknown command.
You're too confused to move!
Urug hits you with a +5 halberd!!!
You die...

Skill      XL: |  1  2  3  4  5  6  7  8  9 10 11 |
---------------+----------------------------------+-----
Axes           | 3 4 6 7 9 11 13 14 | 14.9
Armour         | 3 |  3.0
Stealth        | 6 |  6.0
Invocations    | 3 |  3.0
Fighting       | 4 5 |  5.9
Throwing       | |  0.8
Dodging        | |  1.5
Spellcasting   | |  2.0
Translocations | |  3.0

Action                   |  1- 3 |  4- 6 |  7- 9 | 10-12 || total
-------------------------+-------+-------+-------+-------++-------
Melee: Hand axe          |    57 |   136 |   110 |       ||   303
       Punch             |     1 |       |       |       ||     1
       War axe           |       |       |   182 |   220 ||   402
 Fire: Sling             |    19 |    22 |    69 |   185 ||   295
Invok: Bend Time         |       |       |       |     1 ||     1
 Abil: Spit Poison       |    18 |     8 |    15 |     9 ||    50
  Use: Scroll            |       |    14 |     9 |     8 ||    31
       Potion            |       |     1 |     4 |     2 ||     7
Armor: Chain mail        |    39 |    95 |   118 |   139 ||   391
       Leather armour    |     1 |       |       |       ||     1
Dodge: Dodged            |    10 |    30 |    48 |    60 ||   148
Block: Buckler           |       |    29 |   138 |   125 ||   292
       Other             |       |     4 |       |       ||     4
       Reflection        |       |       |    13 |    19 ||    32

Levels and vault maps discovered:
D:1:      dpeg_chamrin_arrival_tetris, layout_loops_ring
D:2:      layout_loops_ring, shapermc_ecumenical_altar_rom_forum
D:3:      layout_loops_ring, uniq_robin
D:4:      layout_loops_cross, zin_statuary, nicolae_overflow_crystal_walls,
          serial_shops, nicolae_shop_hallway_plus, uniq_eustachio
D:5:      layout_basic, nicolae_overflow_hidden_temple, uniq_grinder
D:6:      layout_loops_ring, minmay_misc_feat_doors
D:7:      minmay_thick_lines, layout_rooms,
          nicolae_dithmenos_through_a_glass_darkly, minmay_temple_entry_fiery,
          uniq_crazy_yiuf_cottage
D:8:      layout_layer_cave, gammafunk_ghost_cemetery
D:9:      layout_cross, orc_0_dummy, serial_gnoll_camp, gnoll_camp_huts_moat,
          gnoll_camp_mini_hut, gnoll_camp_mini_house, gnoll_camp_mini_doghouse,
          gnoll_camp_medium_01
D:10:     layout_basic, tso_metal_star, mainiacjoe_overflow_alcove_1,
          chequers_temple_overflow_statue_of_worship,
          grunt_lair_entry_orc_guard_hut, minmay_hedge_maze,
          chequers_guarded_unrand_ignorance, uniq_snorg, uniq_grum, uniq_urug
Temple:   bh_familiar_temple

Notes
Turn   | Place    | Note
-------+----------+-------------------------------------------
     0 | D:1      | Sobieck the Naga Warper began the quest for the Orb.
     0 | D:1      | Reached XP level 1. HP: 19/19 MP: 3/3
   563 | D:1      | Reached XP level 2. HP: 26/26 MP: 5/5
   988 | D:2      | Reached skill level 3 in Axes
  1034 | D:2      | You add the spells Beastly Appendage, Passwall, Ignite
                  | Poison, Sticky Flame and Blade Hands to your library.
  1034 | D:2      | Got Sif Muna's Almanac of Reformed Conflagration {@e2}
  1036 | D:2      | Found a faded altar of an unknown god.
  1043 | D:2      | Got Plato's Codex of Conflict
  1062 | D:2      | Reached XP level 3. HP: 32/32 MP: 6/6
  1591 | D:2      | Reached skill level 4 in Axes
  1841 | D:3      | Reached XP level 4. HP: 39/39 MP: 7/7
  1843 | D:3      | Noticed Robin
  1970 | D:2      | Killed Robin
  2432 | D:3      | You add the spells Sting, Poisonous Vapours and Olgreb's
                  | Toxic Radiance to your library.
  2849 | D:4      | Noticed a phantom
  2932 | D:4      | Identified a scroll of acquirement
  2932 | D:4      | Acquired an amulet of reflection
  3439 | D:4      | Found Zaecs's Armour Shop.
  3449 | D:4      | Bought a +0 buckler for 63 gold pieces
  3472 | D:5      | Entered Level 5 of the Dungeon
  3472 | D:5      | Noticed Grinder
  3579 | D:4      | Found a glowing silver altar of Zin.
  3637 | D:4      | Noticed Eustachio
  3666 | D:4      | HP: 8/39 [Eustachio/+0 rapier (4)]
  3667 | D:4      | HP: 3/39 [iron imp[Eustachio] (5)]
  3668 | D:4      | Killed Eustachio
  3669 | D:4      | Reached skill level 6 in Axes
  3669 | D:4      | Reached XP level 5. HP: 4/45 MP: 8/8
  3669 | D:4      | Reached XP level 6. HP: 4/52 MP: 9/9
  4428 | D:4      | HP: 9/52 [gnoll sergeant/+0 trident (5)]
  4903 | D:4      | Found an iron altar of Okawaru.
  5177 | D:4      | Reached skill level 7 in Axes
  5530 | D:4      | Reached XP level 7. HP: 50/60 MP: 10/10
  5709 | D:5      | Paralysed by Grinder for 4 turns
  5802 | D:5      | Found a radiant altar of Vehumet.
  5804 | D:5      | Found a hazy altar of Hepliaklqana.
  6218 | D:5      | Reached skill level 8 in Axes
  6710 | D:6      | Reached skill level 9 in Axes
  6710 | D:6      | Reached XP level 8. HP: 55/67 MP: 11/11
  7415 | D:4      | Paralysed by Grinder for 2 turns
  7648 | D:6      | You add the spells Tukima's Dance, Passage of Golubria and
                  | Yara's Violent Unravelling to your library.
  7818 | D:7      | Reached skill level 10 in Axes
  7904 | D:7      | Noticed a wraith
  7934 | D:6      | Killed a wraith
  8158 | D:7      | Reached skill level 11 in Axes
  8402 | D:7      | Reached XP level 9. HP: 45/73 MP: 12/12
  8698 | D:7      | Found a shadowy altar of Dithmenos.
  8860 | D:7      | Reached skill level 12 in Axes
  9518 | D:7      | Found a staircase to the Ecumenical Temple.
  9524 | Temple   | Entered the Ecumenical Temple
  9685 | Temple   | Became a worshipper of Cheibriados the Contemplative
  9748 | D:7      | Found a runed translucent door.
  9749 | D:7      | Noticed Crazy Yiuf
  9752 | D:7      | Upgraded the game from 0.29-a0-997-gf6f7e2dfe7 to
                  | 0.29-a0-998-g1987434951
  9865 | D:8      | Found a runed translucent gate.
  9865 | D:8      | Found a runed translucent gate.
  9865 | D:8      | Found a runed translucent gate.
  9866 | D:8      | Noticed tself55's ghost (novice MeFi)
  9866 | D:8      | Noticed Bl4cKSa5uke's ghost (novice DsWn)
  9957 | D:8      | Reached skill level 13 in Axes
 10519 | D:8      | HP: 9/73 [yak (11)]
 10525 | D:8      | Reached XP level 10. HP: 67/80 MP: 13/13
 10528 | D:8      | Reached skill level 14 in Axes
 10538 | D:8      | Reached skill level 1 in Armour
 10538 | D:8      | Reached skill level 1 in Stealth
 10538 | D:8      | Reached skill level 1 in Invocations
 10549 | D:8      | Reached skill level 2 in Stealth
 10565 | D:8      | Reached * piety under Cheibriados
 10566 | D:8      | Reached skill level 3 in Stealth
 10566 | D:8      | Reached skill level 2 in Invocations
 10579 | D:8      | Reached skill level 2 in Armour
 11593 | D:8      | Reached skill level 4 in Stealth
 11595 | D:8      | Reached skill level 3 in Invocations
 11733 | D:9      | Noticed a manticore
 11741 | D:9      | Killed a manticore
 11742 | D:9      | Reached skill level 3 in Armour
 11742 | D:9      | Reached skill level 5 in Stealth
 11928 | D:9      | Noticed a centaur warrior
 11995 | D:9      | HP: 11/80 [centaur warrior/arrow (20)]
 12002 | D:9      | HP: 19/80 [centaur warrior/+0 falchion (2)]
 12003 | D:9      | Killed a centaur warrior
 12004 | D:9      | Reached skill level 6 in Stealth
 12004 | D:9      | Reached skill level 3 in Fighting
 12555 | D:9      | Reached ** piety under Cheibriados
 12651 | D:9      | You pick up a book of the Dragon and begin reading...
 12651 | D:9      | You add the spells Cause Fear, Dragon Form and Dragon's
                  | Call to your library.
 12758 | D:9      | Reached skill level 4 in Fighting
 12802 | D:9      | HP: 21/85 [centaur/arrow (8)]
 13232 | D:9      | Reached XP level 11. HP: 77/93 MP: 14/14
 13283 | D:9      | Reached *** piety under Cheibriados
 13458 | D:9      | Reached skill level 5 in Fighting
 13736 | D:9      | Found a staircase to the Orcish Mines.
 13966 | D:10     | Entered Level 10 of the Dungeon
 14056 | D:10     | Found an ancient bone altar of Kikubaaqudgha.
 14060 | D:10     | Reached **** piety under Cheibriados
 14068 | D:10     | Found an opulent altar of Gozag.
 14068 | D:10     | Found a burning altar of Makhleb.
 14068 | D:10     | Found a blossoming altar of Fedhas.
 14312 | D:10     | Noticed Urug
 14324 | D:10     | HP: 2/97 [Urug/+5 halberd (36)]
 14329 | D:10     | Annihilated by Urug

Vanquished Creatures
  A centaur warrior (D:9)
  A manticore (D:9)
  A troll (D:9)
  3 wraiths
  17 yaks
  Eustachio (D:4)
  A water moccasin (D:7)
  An ice beast (D:6)
  A sky beast (D:7)
  2 orc warriors (D:9)
  2 black bears (D:7)
  A wolf (D:9)
  2 ogres
  2 centaurs
  A phantom (D:4)
  5 kobold brigands
  A necrophage (D:7)
  5 gnoll sergeants
  2 bullfrogs
  A scorpion (D:7)
  5 wights
  4 killer bees (D:8)
  3 howler monkeys
  2 electric eels (D:9)
  10 hounds
  2 jellies
  4 orc priests
  3 gnoll boudas (D:9)
  3 iguanas
  10 orc wizards
  Robin (D:2)
  30 gnolls
  3 adders
  3 shadow imps
  A white imp (D:7)
  2 dart slugs
  27 orcs
  An endoplasm (D:4)
  3 giant cockroaches
  10 goblins
  8 hobgoblins
  6 jackals (D:9)
  14 kobolds
  3 quokkas
  5 ball pythons
  3 bats
  2 frilled lizards
  5 rats
224 creatures vanquished.

Vanquished Creatures (others)
  2 fungi (D:2)
  6 withered plants (D:8)
8 creatures vanquished.

Grand Total: 232 creatures vanquished

Table legend:
 A = Non-vault XP
 B = Vault XP
 C = Vault XP percentage of total XP
 D = Non-vault monster count
 E = Vault monster count
 F = Vault count percentage of total count
                 A         B        C        D         E       F
            +---------+---------+-------+---------+---------+-------
      Total |    9549 |    2139 |  18.3 |     162 |      62 |  27.7
            +---------+---------+-------+---------+---------+-------
        D:1 |      15 |       0 |   0.0 |       9 |       0 |   0.0
        D:2 |      58 |      19 |  24.7 |      20 |       3 |  13.0
        D:3 |      27 |       8 |  22.9 |      11 |       4 |  26.7
        D:4 |     302 |     203 |  40.2 |      16 |       1 |   5.9
        D:5 |     259 |       0 |   0.0 |       8 |       0 |   0.0
        D:6 |     795 |       0 |   0.0 |      16 |       0 |   0.0
        D:7 |    1046 |     598 |  36.4 |      26 |       7 |  21.2
        D:8 |    3239 |       0 |   0.0 |      23 |       0 |   0.0
        D:9 |    2623 |    1311 |  33.3 |      19 |      47 |  71.2
       D:10 |    1185 |       0 |   0.0 |      14 |       0 |   0.0
            +---------+---------+-------+---------+---------+-------

Illustrated notes

Table legend:
 A = Kills in this place as a percentage of kills in entire the game.
 B = Kills by you in this place as a percentage of kills by you in the entire game.
 C = Kills by friends in this place as a percentage of kills by friends in the entire game.
 D = Other kills in this place as a percentage of other kills in the entire game.
 E = Experience gained in this place as a percentage of experience gained in the entire game.
 F = Experience gained in this place divided by the number of levels of this place that you have seen.
                   A       B       C       D       E      F
               +-------+-------+-------+-------+-------+----------------------
         Total | 100.0 | 100.0 |   N/A |   N/A | 100.0 | 1062.5
       Dungeon | 100.0 | 100.0 |   N/A |   N/A | 100.0 | 1168.8
               +-------+-------+-------+-------+-------+----------------------

Table legend: (Time is in decaauts)
 A = Elapsed time spent in this place.
 B = Non-inter-level travel time spent in this place.
 C = Inter-level travel time spent in this place.
 D = Time resting spent in this place.
 E = Time spent auto-exploring this place.
 F = Levels seen in this place.
 G = Mean time per level.
                   A        B        C        D        E       F      G
               +--------+--------+--------+--------+--------+-----+--------+
         Total |  18641 |  17674 |    967 |   4405 |   9857 |  11 | 1694.6 |
       Dungeon |  18374 |  17455 |    919 |   4405 |   9645 |  10 | 1837.4 |
        Temple |    267 |    220 |     47 |      0 |    212 |   1 |  267.0 |
               +--------+--------+--------+--------+--------+-----+--------+

Top non-repeatable levels by time:
     D:8: 3178 daAuts
     D:9: 2820 daAuts
     D:4: 2745 daAuts
     D:7: 2018 daAuts
     D:6: 1583 daAuts
     D:3: 1533 daAuts
     D:2: 1370 daAuts
     D:5: 1321 daAuts
     D:1: 1164 daAuts
    D:10: 637 daAuts
  Temple: 267 daAuts
